 Dungeon Crawl Stone Soup version 0.29-a0-821-g66395355a5 (webtiles) character file.

Game seed: 17685208515309148266

136 HoaS the Skirmisher (level 5, -4/30 HPs)
             Began as a Kobold Hunter on July 7, 2022.
             Killed from afar by Ijyb (7 damage)
             ... with a puff of flame
             ... on level 3 of the Dungeon.
             The game lasted 00:03:01 (3242 turns).

HoaS the Skirmisher (Kobold Hunter)                 Turns: 3242, Time: 00:03:02

Health: -4/30      AC:  3    Str:  8    XL:     5   Next: 43%
Magic:  5/5        EV: 14    Int: 10    God:
Gold:   124        SH:  0    Dex: 21    Spells: 4/4 levels left

rFire   . . .      SeeInvis .   a - +0 shortbow
rCold   . . .      Faith    .   (shield currently unavailable)
rNeg    . . .      Spirit   .   c - +0 leather armour
rPois   .          Reflect  .   (no helmet)
rElec   .          Harm     .   e - scarf {+Inv}
rCorr   .          Rampage  .   (no gloves)
Will    .....                   (no boots)
Stlth   +++.......              r - amulet of the acrobat
HPRegen 0.10/turn               (no ring)
MPRegen 0.09/turn               (no ring)

@: no status effects
A: small, no large weapons, nightstalker 3
a: Evoke Invisibility


You were on level 3 of the Dungeon.
You visited 1 branch of the dungeon, and saw 4 of its levels.

You collected 124 gold pieces.

Inventory:

Hand Weapons
 a - a +0 shortbow (weapon)
Armour
 c - a +0 leather armour (worn)
 e - a scarf of invisibility (worn)
Jewellery
 r - an amulet of the acrobat (around neck)
Scrolls
 b - a scroll of immolation
 d - a scroll of identify {unknown}
 g - a scroll of noise {unknown}
 h - a scroll of fear {unknown}
 j - a scroll of acquirement {unknown}
 n - 6 scrolls of teleportation {unknown}
 q - a scroll of silence {unknown}
Potions
 f - 2 potions of attraction {unknown}
 i - a potion of degeneration {unknown}
 k - a potion of curing {unknown}
 m - a potion of lignification {unknown}
 o - a potion of might {unknown}
 p - a potion of berserk rage {unknown}


   Skills:
 - Level 2.1 Fighting
 + Level 8.4 Ranged Weapons
 - Level 2.4 Dodging
 - Level 1.3 Stealth


You had 4 spell levels left.
You didn't know any spells.
Your spell library contained the following spells:

 Spells                   Type           Power      Damage    Failure   Level
 Foxfire                  Conj/Fire      0%         2x1d4     50%         1
 Conjure Flame            Conj/Fire      0%         6-21      86%         3
 Gell's Gravitas          Tloc           0%         N/A       86%         3
 Inner Flame              Hex/Fire       0%         N/A       86%         3
 Teleport Other           Tloc           0%         N/A       86%         3
 Flame Wave               Conj/Fire      0%         2d4       99%         4
 Dispersal                Tloc           0%         N/A       100%        6


Dungeon Overview and Level Annotations

Branches:
Dungeon (4/15)
 Temple: D:4-7

Altars:

Annotations:
D:3 Ijyb
D:4 Pikel


Innate Abilities, Weirdness & Mutations

You are small and have problems with some larger weapons.
You are completely attuned to the shadows.


Message History

Pikel says, "You'll make a fine lemure."
You climb upwards.
There is a stone staircase leading down here.
You are too injured to fight recklessly!
You are too injured to fight recklessly!
You are too injured to fight recklessly!
You are too injured to fight recklessly!
The lemure completely misses you. Ijyb completely misses you.
The lemure completely misses you. Ijyb screams, "Me kill you!"
Ijyb zaps a wand.
The puff of flame misses you. The lemure attacks as you move away!
The lemure hits you. The lemure completely misses you.
Ijyb zaps a wand.
The puff of flame hits you.
Okay, then.
You are too injured to fight recklessly!
You are too injured to fight recklessly!
You are too injured to fight recklessly!
You are too injured to fight recklessly!
Fire: a) +0 shortbow
Press: ? - help, Q - select action, (/) - cycle Shift-Dir - straight line, f - lemure
Aim: a lemure (61% to hit)
You shoot an arrow. The arrow hits the lemure!
The lemure is moderately wounded.
The lemure hits you.
* * * LOW HITPOINT WARNING * * *
Fire: a) +0 shortbow
Press: ? - help, Q - select action, (/) - cycle Shift-Dir - straight line, f/p - lemure
Aim: a lemure (moderately wounded, 61% to hit)
You shoot an arrow. The arrow hits the lemure!
The lemure is almost dead.
The lemure closely misses you.
Ijyb screams, "Die!"
Fire: a) +0 shortbow
Press: ? - help, Q - select action, (/) - cycle Shift-Dir - straight line, f/p - lemure
Aim: a lemure (almost dead, 61% to hit)
You shoot an arrow. The arrow hits the lemure.
You kill the lemure!
That felt strangely unrewarding.
Ijyb zaps a wand.
The puff of flame hits you!
You die...

#######.##.##.########.#.#
#................## #...#
#.....#.##.##.#.).####.###
.....(.#.#.#...........# #######
........#...#>.........####....[.
...........###.....###.........##
................g.## ######.##.##
.......#######.#.## #......"....
#.....## #.#@#####.####.##.##
#....## #.#.(.....# #.##.##
#..### #.######### #...... #..#
#.# ####.## ...# #.# #.# ..## #.#
#.## .## #<# #... .# #.# ###. .#
##.## #.


You could see Ijyb.

Vanquished Creatures
  A lemure (D:3)
  5 gnolls
  2 adders (D:2)
  3 bats (D:3)
  7 endoplasms
  5 giant cockroaches
  5 goblins
  11 hobgoblins
  6 jackals
  4 quokkas
  3 ball pythons
  2 frilled lizards (D:2)
  5 kobolds
  3 rats
62 creatures vanquished.

Notes
Turn   | Place    | Note
-------+----------+-------------------------------------------
     0 | D:1      | HoaS the Kobold Hunter began the quest for the Orb.
     0 | D:1      | Reached XP level 1. HP: 12/12 MP: 1/1
   117 | D:1      | Reached XP level 2. HP: 17/17 MP: 2/2
   235 | D:1      | Reached skill level 6 in Ranged Weapons
   292 | D:1      | Reached XP level 3. HP: 21/21 MP: 3/3
   896 | D:2      | Reached skill level 7 in Ranged Weapons
   896 | D:2      | Reached XP level 4. HP: 26/26 MP: 4/4
  1060 | D:2      | Found a faded altar of an unknown god.
  1834 | D:2      | Reached skill level 8 in Ranged Weapons
  1834 | D:2      | Reached XP level 5. HP: 6/30 MP: 5/5
  3225 | D:4      | Noticed Ijyb
  3228 | D:4      | Noticed a lemure
  3232 | D:4      | Noticed Pikel
  3233 | D:4      | Noticed a lemure
  3242 | D:3      | Killed a lemure
  3242 | D:3      | Killed from afar by Ijyb

Illustrated notes

Levels and vault maps discovered:
D:1:      lemuel_arrival_rhombus, layout_basic, wad_floor_pattern_2
D:2:      layout_basic, ebering_ecumenical_altar_petrified
D:3:      layout_loops_ring, minmay_misc_feat_four_crosses
D:4:      nicolae_cairo_tiling_very_big, layout_rooms, uniq_pikel, uniq_duvessa,
          uniq_ijyb

Skill      XL: |  1  2  3  4 |
---------------+-------------+-----
Ranged Weapons | 6 7 8 |  8.4
Fighting       | |  2.1
Dodging        | |  2.4
Stealth        | |  1.3

Action                   |  1- 3 |  4- 6 || total
-------------------------+-------+-------++-------
 Fire: Shortbow          |    59 |    97 ||   156
Armor: Leather armour    |     2 |     7 ||     9
Dodge: Dodged            |    16 |    51 ||    67

Table legend: (Time is in decaauts)
 A = Elapsed time spent in this place.
 B = Non-inter-level travel time spent in this place.
 C = Inter-level travel time spent in this place.
 D = Time resting spent in this place.
 E = Time spent auto-exploring this place.
 F = Levels seen in this place.
 G = Mean time per level.
                   A        B        C        D        E       F      G
               +--------+--------+--------+--------+--------+-----+--------+
         Total |   3273 |   3212 |     61 |   1038 |   1854 |   4 |  818.2 |
       Dungeon |   3273 |   3212 |     61 |   1038 |   1854 |   4 |  818.2 |
               +--------+--------+--------+--------+--------+-----+--------+

Top non-repeatable levels by time:
     D:2: 1539 daAuts
     D:3: 1028 daAuts
     D:1: 695 daAuts
     D:4: 9 daAuts
